 Dungeon Crawl Stone Soup version 0.17-a0-1923-gc35365e (webtiles) character file.

100 barthelm the Ruffian (level 4, -5/37 (40) HPs)
             Began as a Ghoul Monk on Sept 28, 2015.
             Slain by an iguana (14 damage)
             ... on level 4 of the Dungeon.
             The game lasted 00:09:09 (3044 turns).

barthelm the Ruffian (Ghoul Monk)                   Turns: 3044, Time: 00:09:10

HP:   -5/37 (40)    AC:  2    Str: 15    XL:     4   Next: 73%
MP:   3/3           EV: 13    Int:  5    God:
Gold: 252           SH:  0    Dex: 11    Spells: 0 memorised, 3 levels left

rFire  . . .     SeeInvis .       - Unarmed
rCold  + . .     Clarity  .     a - +0 robe
rNeg   + + +     SustAt   .     (no shield)
rPois  ∞         Gourm    .     (no helmet)
rElec  .         Spirit   .     (no cloak)
rCorr  .         Warding  .     (no gloves)
rMut   .         Stasis   .     (no boots)
MR     .....                    (no amulet)
Stlth  ++........               (no ring)
                                (no ring)

@: rotting, not resistant to hostile enchantments, unstealthy
A: rotting body, claws 1, carnivore 3, cold resistance 1, negative energy
resistance 3, slow healing 1, torment resistance, unbreathing
a: no special abilities


You were on level 4 of the Dungeon.
You were not hungry.

You visited 1 branch of the dungeon, and saw 4 of its levels.

You collected 252 gold pieces.

Inventory:

Armour
 a - a +0 robe (worn)
Jewellery
 k - an uncursed ring of flight {unknown}
 l - an uncursed ring of positive energy {unknown}
Scrolls
 e - 2 scrolls of magic mapping {unknown}
 g - a scroll of noise {unknown}
 h - 3 scrolls of identify {unknown}
 i - 2 scrolls of enchant weapon {unknown}
 j - a scroll of enchant armour {unknown}
 m - a scroll of fog {unknown}
 n - a scroll of blinking {unknown}
 o - a scroll of amnesia {unknown}
Potions
 c - a potion of haste {unknown}
 f - 2 potions of degeneration {unknown}
 p - a potion of lignification {unknown}
 r - a potion of agility {unknown}
Comestibles
 b - 2 meat rations
 d - a slice of pizza
 q - a beef jerky


   Skills:
 + Level 3.7 Fighting
 + Level 3.9 Dodging
 + Level 2.4 Stealth
 + Level 5.1 Unarmed Combat


You had 3 spell levels left.
You didn't know any spells.

Dungeon Overview and Level Annotations

Branches:
Dungeon (4/15)
 Temple: D:4-7

Altars:
Zin


Innate Abilities, Weirdness & Mutations

Your body is rotting away.
You thrive on raw meat.
You are immune to poison.
You have sharp fingernails.
You are carnivorous and can eat meat at any time.
Your flesh is cold resistant.
You are immune to negative energy.
You heal slowly when monsters are visible.
You are immune to unholy pain and torment.
You can survive without breathing.


Message History

You scratch the iguana but do no damage.
The iguana is lightly wounded.
The iguana completely misses you.
You barely miss the iguana. You claw the iguana, but do no damage.
The iguana is lightly wounded.
The iguana closely misses you.
You closely miss the iguana.
The iguana is lightly wounded.
The iguana bites you!
You scratch the iguana.
The iguana is lightly wounded.
The iguana bites you!
* * * LOW HITPOINT WARNING * * *
You scratch the iguana but do no damage.
The iguana is lightly wounded.
The iguana barely misses you.
You scratch the iguana but do no damage.
The iguana is lightly wounded.
The iguana bites you!
You die...

.....
##...###..##....#
###. #..###
##.......# ##.##
##......# ...#
#.....## .....#
##..##..# ....(...#
###....# ..#
........[##......#
..
............##....#
###./.@###.....#
###l## #....... #>
##....... ..
....... .#. .###..
.### .# ..


You could see an iguana.

Vanquished Creatures
  2 adders (D:2)
  An ooze (D:3)
  A worm (D:2)
  2 giant geckos (D:1)
  5 orcs (D:3)
  8 goblins
  5 hobgoblins
  7 kobolds (D:1)
  A ball python (D:2)
  7 bats
  5 giant cockroaches (D:3)
  4 giant newts
  6 jackals
  A quokka skeleton (D:4)
  15 rats
70 creatures vanquished.

Notes
Turn   | Place    | Note
--------------------------------------------------------------
     0 | D:1      | barthelm the Ghoul Monk began the quest for the Orb.
     0 | D:1      | Reached XP level 1. HP: 19/19 MP: 0/0
   157 | D:1      | Reached XP level 2. HP: 26/26 MP: 1/1
   711 | D:2      | Reached XP level 3. HP: 21/31 MP: 2/2
   901 | D:2      | Reached skill level 5 in Unarmed Combat
  1788 | D:2      | Reached XP level 4. HP: 36/40 MP: 3/3
  2299 | D:3      | Found a glowing silver altar of Zin.
  3044 | D:4      | Slain by an iguana

Vault maps used:
D:1:      elethiomel_arrival_diamonds
D:3:      zin_treasury, first_bread, st_stairs_7, guppyfry_early_orc_mine
D:4:      nicolae_ashenzari_panopticon

Action                   |  1- 3 |  4- 6 || total
-------------------------+-------+-------++-------
Melee: Unarmed           |   113 |    98 ||   211
 Stab: Sleeping          |     2 |     3 ||     5
  Eat: Chunk             |    22 |    26 ||    48
